 Dungeon Crawl Stone Soup version 0.21.1-1-g345015f (webtiles) character file.

23 Monsterracer the Scratcher (level 2, -1/12 HPs)
             Began as a Felid Transmuter on Feb 7, 2018.
             Slain by a rat (3 damage)
             ... on level 1 of the Dungeon.
             The game lasted 00:01:19 (530 turns).

Monsterracer the Scratcher (Felid Transmuter)        Turns: 530, Time: 00:01:20

Health: -1/12      AC:  1    Str:  6    XL:     2   Next: 72%
Magic:  5/6        EV: 18    Int: 14    God:
Gold:   31         SH:  0    Dex: 16    Spells: 4/5 levels left
                                        Lives:  0   Deaths: 0

rFire    . . .     SeeInvis +     - Unarmed
rCold    . . .     Gourm    .   (shield unavailable)
rNeg     . . .     Faith    .   (armour unavailable)
rPois    .         Spirit   .   (helmet unavailable)
rElec    .         Reflect  .   (cloak unavailable)
rCorr    .         Harm     .   (gloves unavailable)
MR       .....                  (boots unavailable)
Stlth    ++........             (no amulet)
HPRegen  0.04/turn              (no ring)
MPRegen  0.10/turn              (no ring)

@: appendage, quick
A: very small, no armour, no weapons or thrown items, stealth, claws 1, fangs 3,
horns 2, see invisible, carnivore, speed 1, shaggy fur 1, slow metabolism 1,
sharp paws
a: End Transformation


You were on level 1 of the Dungeon.
You were very full.
You had grown temporary horns.
You visited 1 branch of the dungeon, and saw 1 of its levels.

You collected 31 gold pieces.

Inventory:

Missiles
 a - 12 arrows
Scrolls
 d - a scroll of random uselessness {unknown}
 h - 2 scrolls of identify {unknown}
Potions
 e - a potion of invisibility {unknown}
 f - a potion of agility {unknown}
 g - a potion of degeneration {unknown}
Books
 b - a book of Changes

   Spells                             Type                      Level
   a - Beastly Appendage              Transmutation                1
   b - Sticks to Snakes               Transmutation                2
   c - Spider Form                    Transmutation/Poison         3
   d - Ice Form                       Ice/Transmutation            4
   e - Blade Hands                    Transmutation                5
Comestibles
 c - a ration


   Skills:
 + Level 1.4 Fighting
 + Level 2.9 Dodging
 + Level 1.0 Stealth
 * Level 3.3 Unarmed Combat
 - Level 2.0 Spellcasting
 * Level 2.7 Transmutations


You had 4 spell levels left.
You knew the following spells:

 Your Spells              Type           Power        Failure   Level  Hunger
a - Beastly Appendage     Tmut           #.....       8%          1    ##.....


Dungeon Overview and Level Annotations

Branches:
Dungeon (1/15)

Altars:


Innate Abilities, Weirdness & Mutations

You cannot wear armour.
You are incapable of wielding weapons or throwing items.
Your paws allow you to move quietly. (Stealth)
You have sharp claws.
You have razor-sharp teeth.
You have supernaturally acute eyesight. (SInv)
You are carnivorous and can eat meat at any time.
You cover ground quickly.
You are covered in fur. (AC +1)
You have a slow metabolism.
Your sharp claws are effective at attacking unaware monsters.
You have a pair of horns on your head.


Message History

Your transformation is almost over.
The hobgoblin hits you with a club!
Ouch! That really hurt!
* * * LOW HITPOINT WARNING * * *
You take 8 damage, and have 4/12 hp.
MASSIVE DAMAGE!!
You barely miss the hobgoblin.
You kill the hobgoblin!
Your Stealth skill increases to level 1!
You scratch the rat.
The rat is severely wounded.
The rat barely misses you.
You scratch the rat but do no damage.
The rat is severely wounded.
The rat closely misses you.
You scratch the rat.
You kill the rat!
You scratch the hobgoblin.
The hobgoblin is lightly wounded.
The hobgoblin misses you.
MP restored: 6 The jackal barks!
You scratch the hobgoblin.
The hobgoblin is heavily wounded.
A rat comes into view.
You barely miss the hobgoblin.
The hobgoblin is heavily wounded.
The hobgoblin closely misses you.
You scratch the hobgoblin but do no damage.
You kill the hobgoblin!
A jackal comes into view.
Casting: Beastly Appendage
Confirm with . or Enter, or press ? or * to list all spells.
You extend your transformation's duration.
You now have 5/6 mp.
You barely miss the jackal. The jackal closely misses you.
You scratch the jackal.
The jackal is lightly wounded.
The jackal misses you.
You closely miss the jackal.
The jackal is lightly wounded.
The jackal completely misses you.
You scratch the jackal.
The jackal is heavily wounded.
Your transformation is almost over.
The jackal bites you.
* * * LOW HITPOINT WARNING * * *
The jackal closely misses you.
You take 1 damage, and have 3/12 hp.
You miss the jackal.
The jackal is heavily wounded.
The jackal barely misses you.
You barely miss the jackal. Your headbutt misses the jackal.
You bite the jackal.
The jackal is severely wounded.
The jackal closely misses you.
You barely miss the jackal.
The jackal is severely wounded.
The jackal barks!
The jackal completely misses you. The jackal bites you.
* * * LOW HITPOINT WARNING * * *
You take 1 damage, and have 3/12 hp.
You barely miss the jackal.
The jackal is severely wounded.
The jackal barely misses you.
You barely miss the jackal.
The jackal is severely wounded.
The jackal closely misses you.
You scratch the jackal but do no damage.
The jackal is severely wounded.
The jackal misses you. The jackal barely misses you.
MP restored: 6 You barely miss the jackal.
The jackal is severely wounded.
The jackal misses you.
You closely miss the jackal.
The jackal is severely wounded.
The jackal barely misses you.
You scratch the jackal. Your headbutt misses the jackal.
The jackal is almost dead.
The jackal closely misses you. The jackal barely misses you.
You closely miss the jackal.
The jackal is severely wounded.
Your horns disappear.
The jackal bites you.
* * * LOW HITPOINT WARNING * * *
You take 1 damage, and have 2/12 hp.
You scratch the jackal.
You kill the jackal!
Casting: Beastly Appendage
Confirm with . or Enter, or press ? or * to list all spells.
You grow a pair of large bovine horns.
The rat completely misses you.
You now have 5/6 mp.
The jackal barks!
You scratch the rat but do no damage. The rat bites you but does no damage.
You closely miss the rat. The rat completely misses you.
You scratch the jackal but do no damage.
You headbutt the jackal.
The jackal is moderately wounded.
The jackal closely misses you. The rat bites you.
You die...

##
.......g......#
....
............#.#
....
#####.........#
....
##.g###.###
.... #......#
.... #.##.#)#
#.## #$...#h#
#.# #....#r#
#..###@#
####....h.###
#...........#
..
#...........#
...
#...........#
#.#
#...........#
#.#
#...........#
#.#
#...........#
#.###
#...........#


You could see 2 jackals and a rat.

Vanquished Creatures
  An ooze (D:1)
  2 dart slugs (D:1)
  2 goblins (D:1)
  2 hobgoblins (D:1)
  A jackal (D:1)
  2 kobolds (D:1)
  A bat (D:1)
  A frilled lizard (D:1)
  2 rats (D:1)
14 creatures vanquished.

Notes
Turn   | Place    | Note
-------+----------+-------------------------------------------
     0 | D:1      | Monsterracer the Felid Transmuter began the quest for the Orb.
     0 | D:1      | Reached XP level 1. HP: 9/9 MP: 4/4
    99 | D:1      | HP: 2/9 [goblin (3)]
   101 | D:1      | Reached XP level 2. HP: 3/12 MP: 6/6
   500 | D:1      | HP: 4/12 [hobgoblin/club (8)]
   501 | D:1      | Reached skill level 1 in Stealth
   515 | D:1      | HP: 3/12 [jackal (1)]
   525 | D:1      | HP: 2/12 [jackal (1)]
   530 | D:1      | Slain by a rat

Skill      XL: |  1  2 |
---------------+-------+-----
Stealth        | 1 |  1.0
Fighting       | |  1.4
Dodging        | |  2.9
Unarmed Combat | |  3.3
Spellcasting   | |  2.0
Transmutations | |  2.7

Action                   || total
-------------------------++-------
Melee: Unarmed           ||    53
       Bite              ||     3
       Headbutt          ||     4
 Cast: Beastly Appendage ||     3
 Stab: Sleeping          ||     3
  Eat: Chunk             ||     6
Armor: Skin              ||     3
Dodge: Dodged            ||    40

Vault maps used:
D:1:      lemuel_arrival_rhombus
